 Dungeon Crawl Stone Soup version 0.29.1-15-g9cfb28693d (webtiles) character file.

Game seed: 12211605297572941768

1943 Heoruswealwe the Magician (level 8, -10/36 HPs)
             Began as a Deep Elf Earth Elementalist on May 2, 2023.
             Was a Priest of Hepliaklqana.
             Mangled by an ogre
             ... wielding a +0 giant club
              (34 damage)
             ... on level 6 of the Dungeon.
             The game lasted 00:46:13 (4253 turns).

Heoruswealwe the Magician (DEEE)                    Turns: 4253, Time: 00:46:13

Health: -10/36     AC:  9    Str:  4    XL:     8   Next: 98%
Magic:  10/21      EV: 12    Int: 27    God:    Hepliaklqana [***...]
Gold:   1329       SH:  0    Dex: 14    Spells: 6/21 levels left

rFire   . . .      SeeInvis .   b - +1 hand axe (vamp)
rCold   . . .      Faith    .   (no shield)
rNeg    + . .      Spirit   .   c - +1 robe of the Quahog {rN+ Will+}
rPois   .          Reflect  .   (helmet restricted)
rElec   .          Harm     .   h - +2 cloak
rCorr   .          Rampage  .   f - +2 pair of gloves
Will    +....                   (no boots)
Stlth   ++........              (no amulet)
HPRegen 0.12/turn               (no ring)
MPRegen 0.17/turn               (no ring)

@: no status effects
A: reduced essence, horns 1, clever 1
a: Renounce Religion, Recall Ancestor, Ancestor Identity, Transference


You were on level 6 of the Dungeon.
You worshipped Hepliaklqana.
Hepliaklqana was most pleased with you.
You visited 2 branches of the dungeon, and saw 7 of its levels.
You also visited: Sewer.

You collected 1329 gold pieces.

Inventory:

Hand Weapons
 b - a +1 vampiric hand axe (weapon)
Armour
 c - the +1 robe of the Quahog (worn) {rN+ Will+}
   (You found it on level 3 of the Dungeon)

   rN:        It protects you from negative energy.
   Will:      It increases your willpower.
 f - a +2 pair of gloves (worn)
 h - a +2 cloak (worn)
Wands
 e - a wand of roots (13)
 i - a wand of mindburst (38)
 q - a wand of paralysis (7)
Scrolls
 j - a scroll of blinking
 l - 2 scrolls of enchant armour
 n - 3 scrolls of teleportation
 o - 5 scrolls of enchant weapon
 r - a scroll of vulnerability {unknown}
Potions
 d - a potion of mutation
 g - 2 potions of ambrosia
 k - a potion of curing
 m - a potion of resistance
 p - a potion of magic


   Skills:
 - Level 2.4 Dodging
 - Level 2.4 Stealth
 + Level 7.4 Spellcasting
 + Level 5.4 Conjurations
 + Level 5.7 Transmutations
 + Level 6.6 Earth Magic
 + Level 5.5 Evocations


You had 6 spell levels left.
You knew the following spells:

 Your Spells              Type           Power      Damage    Failure   Level
a - Sandblast             Erth           90%        2d19      1%          1
b - Stone Arrow           Conj/Erth      84%        3d12      1%          3
c - Petrify               Tmut/Erth      43%        N/A       4%          4
d - Lee's Rapid Deconstr  Erth           22%        3d14*     11%         5
z - Passwall              Tmut/Erth      35%        N/A       1%          2

Your spell library contained the following spells:

 Spells                   Type           Power      Damage    Failure   Level
 Apportation              Tloc           18%        N/A       5%          1
 Necrotise                Necr           36%        1d5       5%          1
 Blink                    Tloc           18%        N/A       9%          2
 Ensorcelled Hibernation  Hex/Ice        18%        N/A       9%          2
 Gell's Gravitas          Tloc           9%         N/A       17%         3
 Lesser Beckoning         Tloc           9%         N/A       17%         3
 Swiftness                Air            9%         N/A       17%         3
 Teleport Other           Tloc           9%         N/A       17%         3
 Vampiric Draining        Necr           9%         2d6       17%         3
 Ice Form                 Ice/Tmut       25%        N/A       17%         4
 Fulminant Prism          Conj/Hex       12%        3d9       19%         4
 Hailstorm                Conj/Ice       24%        3d7       19%         4
 Iskenderun's Mystic Bla  Conj/Tloc      24%        2d7       19%         4
 Alistair's Intoxication  Tmut/Pois      16%        N/A       43%         5
 Agony                    Necr           9%         N/A       83%         5
 Manifold Assault         Tloc           9%         N/A       83%         5
 Simulacrum               Ice/Necr       4%         N/A       100%        6


Dungeon Overview and Level Annotations

Branches:
Dungeon (6/15)             Temple (1/1) D:5           Sewer (visited)

Altars:
Ashenzari
Cheibriados
Dithmenos
Elyvilon
Fedhas
Gozag
Hepliaklqana
Nemelex Xobeh
Okawaru
Qazlal
Sif Muna
Trog
Vehumet
Wu Jian
Yredelemnul
Zin
The Shining One


Innate Abilities, Weirdness & Mutations

Your life essence is reduced to manifest your ancestor. (-10% HP)
You have a pair of small horns on your head.
Your mind is acute. (Int +4, Str/Dex -1)


Message History

There is an open door here.
The blast of sand hits the bullfrog!!
The bullfrog is almost dead.
The bullfrog barely misses you.
Zhah misses something.
The bullfrog misses you.
You hear some strange, mumbled words.
A puff of flame appears from out of thin air!
The puff of flame hits Zhah but does no damage.
Zhah hits something with a +0 flail!
You hear some strange, mumbled words.
Zhah appears confused.
The bullfrog barely misses you. The ogre misses you.
You swap places.
Something hits Zhah but does no damage.
Zhah closely misses you.
Zhah hits himself with a +0 flail.
Something hits you.
Deactivating autopickup; reactivate with Ctrl-A.
Something hits Zhah but does no damage.
The ogre hits Zhah with a +0 giant club!!
Zhah is destroyed!
Casting: Sandblast (safe; 1% risk of failure)
Confirm with . or Enter, or press ? or * to list all spells.
Aiming: Sandblast (safe; 1% risk of failure)
Press: ? - help, Shift-Dir - straight line, f/p - bullfrog
Aim: a bullfrog (almost dead, 81% to hit)
The blast of sand hits something!
Reactivating autopickup.
You feel a bit more experienced. The bullfrog hits you.
The blast of sand hits the bullfrog!!
You kill the bullfrog!
The ogre hits you with a +0 giant club!
You feel much better.
The blast of sand hits the ogre.
The ogre is lightly wounded.
The ogre hits you with a +0 giant club!!
Ouch! That really hurt!
* * * LOW HITPOINT WARNING * * *
You hear an angry growl.
You hear a shout!
You feel much better.
You hear an angry growl.
The ogre hits you with a +0 giant club!!
Ouch! That really hurt!
You die...

........ ####### #####
##...... #..?... #...#
#...... #...... +.8.#
#...†.. #......## #...#
###...... #)..'##
#...###........
#...#.###'.8.'...#######
#.†.#.O#.#..(#####
..###'##@.#...# ...
##..##'.8.# ..
##.###)..# # ### #####


You could see an ogre.

Vanquished Creatures
  A yak (D:6)
  A water moccasin (D:5)
  Pargi (Sewer)
  2 ice beasts
  A black bear (D:6)
  An ogre (D:6)
  A phantom (D:6)
  Blork the orc (D:5)
  2 bullfrogs (D:6)
  A scorpion (D:6)
  A howler monkey (D:4)
  An orc priest (D:4)
  4 iguanas
  2 orc wizards
  3 gnolls (D:5)
  10 adders
  2 white imps
  2 ufetubi (D:5)
  A worm (D:2)
  2 dart slugs
  7 orcs
  7 ball pythons
  11 endoplasms
  6 giant cockroaches
  4 goblins
  8 hobgoblins
  3 jackals (D:2)
  8 kobolds
  8 quokkas
  7 bats
  3 frilled lizards
  6 rats
118 creatures vanquished.

Vanquished Creatures (collateral kills)
  A water moccasin (D:5)
  An ice beast (D:3)
  A centaur (D:5)
  A scorpion (D:4)
  Crazy Yiuf (D:5)
  Ijyb (D:5)
  An iguana (D:4)
  A shadow imp (D:6)
  A giant cockroach (D:3)
  A hobgoblin (D:3)
  2 quokkas (D:4)
  3 kobolds (Sewer)
15 creatures vanquished.

Vanquished Creatures (others)
  A knight (D:6)
  An ancestor (Sewer)
2 creatures vanquished.

Grand Total: 135 creatures vanquished

Notes
Turn   | Place    | Note
-------+----------+-------------------------------------------
     0 | D:1      | Heoruswealwe the Deep Elf Earth Elementalist began the
                  | quest for the Orb.
     0 | D:1      | Reached XP level 1. HP: 10/10 MP: 6/6
    65 | D:1      | Reached XP level 2. HP: 15/15 MP: 4/8
   182 | D:1      | Learned a level 2 spell: Passwall
   412 | D:1      | Reached skill level 1 in Conjurations
   412 | D:1      | Reached skill level 1 in Evocations
   510 | D:1      | Reached XP level 3. HP: 18/19 MP: 6/9
   542 | D:1      | Learned a level 3 spell: Stone Arrow
   615 | D:2      | Found a faded altar of an unknown god.
   661 | D:2      | Prayed at the altar of an unknown god.
   661 | D:2      | Became a worshipper of Hepliaklqana the Forgotten
   661 | D:2      | Reached * piety under Hepliaklqana
   749 | D:2      | Gained mutation: Your mind is acute. (Int +4, Str/Dex -1)
                  | [potion of mutation]
   749 | D:2      | Gained mutation: You have a pair of small horns on your
                  | head. [potion of mutation]
  1256 | D:2      | Reached XP level 4. HP: 21/21 MP: 9/11
  1431 | D:3      | Found a glowing drain.
  1440 | Sewer    | Entered a sewer
  1484 | Sewer    | Noticed Pargi
  1490 | Sewer    | Killed Pargi
  1491 | Sewer    | Reached skill level 4 in Spellcasting
  1491 | Sewer    | Reached XP level 5. HP: 21/25 MP: 8/13
  1495 | Sewer    | Identified a scroll of acquirement
  1496 | Sewer    | Acquired 1004 gold pieces
  1590 | Sewer    | Learned a level 4 spell: Petrify
  1769 | D:3      | Reached ** piety under Hepliaklqana
  1770 | D:3      | Remembered your ancestor Zhah as a knight
  1918 | D:3      | Identified the +1 robe of the Quahog {rN+ Will+}
  2075 | D:3      | Noticed an ice beast
  2080 | D:3      | Killed an ice beast
  2081 | D:3      | Reached XP level 6. HP: 28/28 MP: 9/15
  2639 | D:4      | Reached skill level 5 in Spellcasting
  2723 | D:4      | Reached XP level 7. HP: 32/32 MP: 14/16
  2831 | D:4      | Found a radiant altar of Vehumet.
  3114 | D:5      | Entered Level 5 of the Dungeon
  3197 | D:5      | Found a broken altar of Ashenzari.
  3206 | D:5      | Reached *** piety under Hepliaklqana
  3206 | D:5      | Found a basalt altar of Yredelemnul.
  3263 | D:5      | Reached skill level 5 in Earth Magic
  3378 | D:5      | Noticed Blork the orc
  3385 | D:5      | Killed Blork the orc
  3436 | D:5      | Found a runed translucent door.
  3437 | D:5      | Noticed Crazy Yiuf
  3442 | D:5      | Killed Crazy Yiuf
  3600 | D:5      | Reached skill level 6 in Spellcasting
  3600 | D:5      | Reached XP level 8. HP: 36/36 MP: 15/19
  3618 | D:5      | Learned a level 5 spell: Lee's Rapid Deconstruction
  3848 | D:5      | Noticed Ijyb
  3861 | D:5      | Killed Ijyb
  3916 | D:5      | Found a staircase to the Ecumenical Temple.
  4015 | Temple   | Entered the Ecumenical Temple
  4015 | Temple   | Found a transporter.
  4015 | Temple   | Found a transporter.
  4017 | Temple   | Found a transporter.
  4017 | Temple   | Found a transporter.
  4140 | D:6      | Reached skill level 5 in Transmutations
  4219 | D:6      | Reached skill level 5 in Evocations
  4224 | D:6      | Reached skill level 7 in Spellcasting
  4224 | D:6      | Reached skill level 5 in Conjurations
  4253 | D:6      | Mangled by an ogre

Illustrated notes

Levels and vault maps discovered:
D:1:      saegor_arrival_simple_c, layout_basic
D:2:      layout_loops_ring, ebering_ecumenical_altar_rust, minmay_tetromino_o4
D:3:      layout_basic, serial_curves, eino_curves_02, eino_curves_01,
          gup_sewer_entry_bubbles
D:4:      layout_loops_ring, mainiacjoe_overflow_brackets
D:5:      layout_basic, amethyst_overflow_temple_binary,
          minmay_temple_entry_arrows, uniq_blork_the_orc,
          uniq_crazy_yiuf_cottage, uniq_ijyb
D:6:      minmay_chambers_of_threes, layout_rooms,
          nicolae_concentric_dashed_squares_mild, minmay_microvault
Temple:   hellmonk_temple_divided_pantheon

Skill      XL: |  1  2  3  4  5  6  7  8 |
---------------+-------------------------+-----
Conjurations   | 1 2 3 4 5 |  5.4
Evocations     | 1 2 3 4 5 |  5.5
Transmutations | 2 3 4 5 |  5.7
Spellcasting   | 4 5 6 7 |  7.4
Earth Magic    | 4 5 6 |  6.6
Dodging        | |  2.4
Stealth        | |  2.4

Action                   |  1- 3 |  4- 6 |  7- 9 || total
-------------------------+-------+-------+-------++-------
 Cast: Sandblast         |    58 |    55 |    74 ||   187
       Passwall          |     1 |       |       ||     1
Invok: Ancestor Identity |       |     1 |       ||     1
       Ancestor Life: Kn |       |     1 |       ||     1
  Use: Potion            |     7 |       |     4 ||    11
       Scroll            |     3 |     8 |     2 ||    13
Armor: Robe              |       |       |     2 ||     2
Dodge: Dodged            |     7 |     4 |    12 ||    23
